[Event "January 9 Late 2024"]
[Site "https://www.chess.com"]
[Date "2024.01.09"]
[Round "9"]
[White "Salman, Ilhan Serhat"]
[Black "Lund, Gunnar"]
[Result "1-0"]
[Board "99"]
[TimeControl "180+1"]
[WhiteFideId "6361579"]
[BlackFideId "1520814"]
[WhiteElo "2487"]
[BlackElo "2638"]
[WhiteTeam "TUR"]
[BlackTeam "NOR"]
[WhiteClock "0:00:46"]
[BlackClock "0:01:00"]

1. Nf3 d5 2. g3 Nf6 3. Bg2 e6 4. O-O c5 5. d4 cxd4 6. Nxd4 e5 7. Nb3 Be6 8. c4 Nc6 9. cxd5 Bxd5 10. Nc3 Bxg2 11. Kxg2 Bb4 12. Bg5 Bxc3 13. bxc3 Qd5+ 14. Qxd5 Nxd5 15. c4 Nb6 16. Nc5 f6 17. Be3 O-O-O 18. Rfc1 Rhe8 19. a4 Na5 20. Ne4 Nb3 21. a5 Na8 22. Bxa7 Nxa1 23. Rxa1 f5 24. Nc3 Rd2 25. Be3 Rc2 26. Nb5 Rd8 27. a6 Rxc4 28. axb7+ Kxb7 29. Ra7+ Kb8 30. Rxg7 Rb4 31. Na7 Rc8 32. Nxc8 Kxc8 33. Rxh7 Nc7 34. Rf7 Nd5 35. Rxf5 Nxe3+ 36. fxe3 e4 37. g4 Kd7 38. Kg3 Ke6 39. Kf4 Rb2 40. Re5+ Kf6 41. Rxe4 Rxe2 42. h4 Rf2+ 43. Kg3 Rf1 44. Rf4+ 1-0

[Event "January 9 Late 2024"]
[Site "https://www.chess.com"]
[Date "2024.01.09"]
[Round "9"]
[White "Spichkin, Alexander"]
[Black "Kraiouchkine, Nikita"]
[Result "1-0"]
[Board "100"]
[TimeControl "180+1"]
[WhiteFideId "4144074"]
[BlackFideId "2607140"]
[WhiteElo "2467"]
[BlackElo "2613"]
[WhiteTeam "RUS"]
[BlackTeam "CAN"]
[WhiteClock "0:00:04"]
[BlackClock "0:00:02"]

1. f4 d5 2. Nf3 Nf6 3. e3 Bf5 4. Be2 h6 5. O-O e6 6. d3 Bd6 7. Nc3 c6 8. Qe1 Nbd7 9. Nd4 Bh7 10. Bf3 Qe7 11. e4 dxe4 12. dxe4 Bc5 13. Be3 e5 14. Nf5 Bxf5 15. exf5 e4 16. Bxc5 Nxc5 17. Be2 a5 18. Rd1 O-O 19. Qf2 b5 20. g4 b4 21. Nb1 Rfd8 22. g5 Rxd1 23. Rxd1 Nd5 24. f6 gxf6 25. gxh6 Kh7 26. c4 bxc3 27. Nxc3 Nxc3 28. bxc3 f5 29. Bc4 Rg8+ 30. Kf1 e3 31. Qf3 Qh4 32. Bxf7 Rb8 33. Qxe3 Ne4 34. Be6 Qf6 35. Rd7+ Kh8 36. Qd4 Qxd4 37. cxd4 Rb1+ 38. Ke2 Rb2+ 39. Kd3 Nf6 40. Rf7 Ne4 41. Bxf5 Nf2+ 42. Kc4 Rb8 43. Rh7+ Kg8 44. Rg7+ Kh8 45. Rh7+ Kg8 46. Rd7 Nd1 47. d5 Ne3+ 48. Kc5 Nxf5 49. dxc6 Nxh6 50. c7 Rf8 51. Rd8 Nf7 52. c8=Q Rxd8 53. Qg4+ Kf8 54. f5 Re8 55. f6 Re5+ 56. Kb6 Ke8 57. Qg7 Re6+ 58. Kc7 Ne5 59. Qg8# 1-0

[Event "January 9 Late 2024"]
[Site "https://www.chess.com"]
[Date "2024.01.09"]
[Round "9"]
[White "Czerw, Dawid"]
[Black "Ibadov, Dashgyn"]
[Result "1-0"]
[Board "101"]
[TimeControl "180+1"]
[WhiteFideId "1145746"]
[BlackFideId "24107514"]
[WhiteElo "2460"]
[BlackElo "2613"]
[WhiteTeam "POL"]
[BlackTeam "FID"]
[WhiteClock "0:00:04"]
[BlackClock "0:00:00"]

1. e4 e6 2. b3 d5 3. Bb2 Nf6 4. e5 Nfd7 5. d4 c5 6. c3 Nc6 7. Nf3 cxd4 8. cxd4 Bb4+ 9. Nbd2 f6 10. exf6 Nxf6 11. Bd3 O-O 12. O-O Bd6 13. Qe2 Bd7 14. Rae1 Qc7 15. g3 Rae8 16. Ne5 Bc8 17. f4 Qb6 18. Ndf3 Bxe5 19. fxe5 Ne4 20. Bxe4 dxe4 21. Qxe4 Ne7 22. Ng5 Ng6 23. h4 Bd7 24. h5 Bc6 25. Qc2 Qd8 26. Nxh7 Qd5 27. Qh2 Kxh7 28. hxg6+ Kxg6 29. Qh3 Rf5 30. g4 Rxf1+ 31. Rxf1 Rh8 32. Qd3+ Qe4 33. Qxe4+ Bxe4 34. Ba3 Rh1+ 35. Kf2 Rh2+ 36. Ke3 Bd5 37. Be7 Rxa2 38. Rc1 Bxb3 39. Rc7 Bd5 40. Bf8 Kg5 41. Rxg7+ Kh4 42. Be7+ Kg3 43. g5 Ra3+ 44. Kd2 Kf4 45. g6 Ke4 46. Bxa3 1-0

[Event "January 9 Late 2024"]
[Site "https://www.chess.com"]
[Date "2024.01.09"]
[Round "9"]
[White "Blanco Diez, David"]
[Black "Janaszak, Dawid"]
[Result "0-1"]
[Board "102"]
[TimeControl "180+1"]
[WhiteFideId "32032927"]
[BlackFideId "1119206"]
[WhiteElo "2449"]
[BlackElo "2611"]
[WhiteTeam "ESP"]
[BlackTeam "POL"]
[WhiteClock "0:00:01"]
[BlackClock "0:01:34"]

1. e4 c5 2. Nf3 e6 3. d4 cxd4 4. Nxd4 a6 5. Nc3 g6 6. Be3 Nc6 7. Qd2 Bg7 8. O-O-O Nge7 9. g4 b5 10. h4 h6 11. f4 Bb7 12. Bg2 Na5 13. Bf2 Nc4 14. Qe2 Rc8 15. f5 b4 16. Na4 Qa5 17. fxe6 fxe6 18. b3 O-O 19. Bg3 Na3 20. e5 Nd5 21. Bxd5 Bxd5 22. Qd3 Qc7 23. Qxg6 Rf5 24. gxf5 Qxc2+ 25. Nxc2 Rxc2# 0-1

[Event "January 9 Late 2024"]
[Site "https://www.chess.com"]
[Date "2024.01.09"]
[Round "9"]
[White "Koziol, Kamil"]
[Black "Olenik Campa, Rudi"]
[Result "0-1"]
[Board "103"]
[TimeControl "180+1"]
[WhiteFideId "1161555"]
[BlackFideId "14633264"]
[WhiteElo "2441"]
[BlackElo "2581"]
[WhiteTeam "POL"]
[BlackTeam "SLO"]
[WhiteClock "0:00:05"]
[BlackClock "0:00:03"]

1. d4 Nf6 2. Nc3 d5 3. Bg5 e6 4. e4 dxe4 5. Nxe4 Be7 6. Bxf6 gxf6 7. c3 f5 8. Nd2 a6 9. Ngf3 b5 10. Bd3 Bb7 11. Qe2 Qd6 12. O-O-O Nd7 13. Rhe1 Nb6 14. g3 Nd5 15. Nb3 Qb6 16. Ne5 Rf8 17. f4 O-O-O 18. Kb1 Nf6 19. Bc2 a5 20. Nd2 a4 21. a3 Bd5 22. Bd3 c6 23. Ndf3 h6 24. h3 Bd6 25. g4 Ne4 26. gxf5 exf5 27. Nh4 Rg8 28. Nxf5 Rg2 29. Qxe4 Bxe4 30. Bxe4 Bxe5 31. fxe5 Rh2 32. Ne7+ Kc7 33. Nxc6 Rxh3 34. Nxd8 Kxd8 35. Rf1 Ke7 36. Rf6 Qc7 37. Rdf1 Qc4 38. Bc2 Rh2 39. R6f3 h5 40. Rd3 h4 41. d5 h3 42. d6+ Kd8 43. Rdf3 Qe2 44. Ka1 Qxc2 45. Rb1 Rf2 46. Rxh3 Kd7 47. Rh7 Qb3 48. e6+ Kxe6 49. Rh6+ Kd7 50. Rh4 f5 51. Rb4 Qd5 52. c4 bxc4 53. Rxa4 Kxd6 54. Ra6+ Ke5 55. Rh6 c3 56. Re1+ Kf4 57. bxc3 Qa2# 0-1

[Event "January 9 Late 2024"]
[Site "https://www.chess.com"]
[Date "2024.01.09"]
[Round "9"]
[White "Banerjee, Supratit"]
[Black "Meduri, Aakaash"]
[Result "1-0"]
[Board "104"]
[TimeControl "180+1"]
[WhiteFideId "2410079"]
[BlackFideId "2032252"]
[WhiteElo "2571"]
[BlackElo "2409"]
[WhiteTeam "SCO"]
[BlackTeam "USA"]
[WhiteClock "0:01:02"]
[BlackClock "0:00:00"]

1. e4 g6 2. d4 Bg7 3. Nf3 d5 4. exd5 Qxd5 5. c4 Qd8 6. Nc3 Nf6 7. Be2 O-O 8. O-O c5 9. d5 e6 10. Bg5 exd5 11. Nxd5 Be6 12. Nxf6+ Bxf6 13. Bh6 Re8 14. Qb3 Qb6 15. Rad1 Qxb3 16. axb3 Bxb2 17. Ng5 Bc8 18. Bf3 Nc6 19. Ne4 Bf5 20. Nd6 Re6 21. Nxb7 Nd4 22. Bd5 Rb6 23. Nxc5 g5 24. Bxa8 Ne2+ 25. Kh1 Rxh6 26. Bf3 Be5 27. g3 Nd4 28. Be4 Bg4 29. f3 Bxg3 30. Rxd4 Rxh2+ 31. Kg1 Bh3 32. f4 Bxf1 33. Kxf1 Bxf4 34. Rd8+ Kg7 35. Rd7 h5 36. Ne6+ Kf6 37. Nxf4 gxf4 38. Bd5 Rb2 39. Rxf7+ Ke5 40. Re7+ Kd6 41. Re6+ Kc5 42. Rf6 Rxb3 43. Rxf4 a5 44. Rh4 a4 45. Rxh5 a3 46. Be4+ Kd4 47. Rh4 Ke3 48. Rh3+ Kxe4 49. Rxb3 1-0

[Event "January 9 Late 2024"]
[Site "https://www.chess.com"]
[Date "2024.01.09"]
[Round "9"]
[White "Argandona Riveiro, Inigo"]
[Black "Ambartsumova, Karina"]
[Result "0-1"]
[Board "105"]
[TimeControl "180+1"]
[WhiteFideId "2212072"]
[BlackFideId "4166299"]
[WhiteElo "2398"]
[BlackElo "2566"]
[WhiteTeam "ESP"]
[BlackTeam "RUS"]
[WhiteClock "0:00:00"]
[BlackClock "0:00:14"]

1. Nf3 Nf6 2. c4 g6 3. Nc3 Bg7 4. e4 O-O 5. d4 d6 6. Be3 e5 7. dxe5 dxe5 8. Qxd8 Rxd8 9. Nd5 Nxd5 10. cxd5 c6 11. Bc4 b5 12. Bb3 a5 13. a3 a4 14. Ba2 Bb7 15. Rc1 cxd5 16. Rc7 Rd7 17. Rxb7 Rxb7 18. Bxd5 Raa7 19. Kd2 Nd7 20. Rc1 Nb6 21. Bxb7 Rxb7 22. Bxb6 Rxb6 23. Rc8+ Bf8 24. Nxe5 Kg7 25. Ke3 Bd6 26. Nd3 b4 27. axb4 Bxb4 28. Ra8 Be7 29. Rxa4 Rb3 30. Ra3 Bxa3 31. bxa3 Rxa3 32. h3 Ra2 33. Ne5 f6 34. Nf3 g5 35. e5 h6 36. exf6+ Kxf6 37. Ne1 Kf5 38. Nf3 Ra3+ 39. Ke2 Kf4 40. g3+ Ke4 41. Nd2+ Kd4 42. Nf3+ Kd5 43. Nd2 Ke6 44. Nf3 Kf5 45. Nd2 h5 46. Nf1 g4 47. Ne3+ Kg5 48. hxg4 hxg4 49. Kf1 Ra4 50. Kg2 Re4 51. Nf1 Kf5 52. Nd2 Re2 53. Nf1 Ra2 54. Ne3+ Kg5 55. Nd5 Re2 56. Nc3 Re1 57. Nd5 Re8 58. Ne3 Re4 59. Nd5 Kf5 60. Ne3+ Ke5 61. Nf1 Kd4 62. Nd2 Re2 63. Nf1 Kd3 64. Nh2 Re4 65. Nf1 Ke2 66. Nh2 Ra4 67. Nf1 Ke1 68. Ne3 Re4 69. Nc2+ Ke2 70. Ne3 Rxe3 71. fxe3 Kxe3 72. Kg1 Kf3 73. Kh2 Kf2 74. Kh1 Kxg3 75. Kg1 Kf3 76. Kh1 g3 77. Kg1 g2 0-1

[Event "January 9 Late 2024"]
[Site "https://www.chess.com"]
[Date "2024.01.10"]
[Round "9"]
[White "Kandil, Ahmed"]
[Black "Marchesich, Giovanni"]
[Result "0-1"]
[Board "106"]
[TimeControl "180+1"]
[WhiteFideId "10628401"]
[BlackFideId "2824790"]
[WhiteElo "2561"]
[BlackElo "2402"]
[WhiteTeam "EGY"]
[BlackTeam "ITA"]
[WhiteClock "0:00:00"]
[BlackClock "0:00:19"]

1. e4 g6 2. d4 Bg7 3. Nc3 a6 4. Be3 b5 5. a3 d6 6. Nf3 Nd7 7. Be2 Bb7 8. O-O e6 9. Qd2 Ne7 10. h3 O-O 11. Bh6 d5 12. Bxg7 Kxg7 13. e5 c5 14. dxc5 Nxc5 15. Qf4 Nf5 16. g4 Ne7 17. Qf6+ Kg8 18. Qh4 Kg7 19. Qf6+ Kg8 20. Qh4 Kg7 21. g5 Nf5 22. Qf4 Qc7 23. Nh2 d4 24. Nd1 h5 25. gxh6+ Nxh6 26. Qf6+ Kh7 27. Qh4 Kg7 28. Qxd4 Rad8 29. Qf4 Nf5 30. Ne3 Nd7 31. Nxf5+ exf5 32. Nf3 Bxf3 33. Bxf3 Qxe5 34. Qxe5+ Nxe5 35. Bg2 Rd2 36. Rac1 f4 37. Rfd1 Rfd8 38. Re1 Kf6 39. Be4 a5 40. Kf1 Rh8 41. Kg2 Rhd8 42. Kf1 g5 43. Re2 Rd1+ 44. Rxd1 Rxd1+ 45. Re1 Rd2 46. Re2 Rd1+ 47. Kg2 b4 48. axb4 axb4 49. c3 b3 50. f3 Nc4 51. Kh2 Ne3 52. Rf2 Nf1+ 53. Kg2 Ne3+ 54. Kh2 Ke5 55. Re2 f5 56. Bc6 Ra1 57. Bb5 Kd6 58. Bd3 Kc5 0-1

[Event "January 9 Late 2024"]
[Site "https://www.chess.com"]
[Date "2024.01.10"]
[Round "9"]
[White "Sarkar, Justin"]
[Black "Nouali, Mohamed"]
[Result "0-1"]
[Board "107"]
[TimeControl "180+1"]
[WhiteFideId "2010011"]
[BlackFideId "5502462"]
[WhiteElo "2324"]
[BlackElo "2534"]
[WhiteTeam "USA"]
[BlackTeam "TUN"]
[WhiteClock "0:00:00"]
[BlackClock "0:00:13"]

1. e4 c5 2. Nf3 Nc6 3. d4 cxd4 4. Nxd4 g6 5. c4 Bg7 6. Be3 Nf6 7. Nc3 O-O 8. f3 e6 9. Ndb5 d5 10. Bc5 dxe4 11. Bxf8 Qxf8 12. fxe4 a6 13. Nd6 Bd7 14. c5 Ne5 15. Be2 Bc6 16. O-O Rd8 17. Qc2 h5 18. h3 Rxd6 19. cxd6 Qxd6 20. Kh1 h4 21. Rad1 Qc5 22. Qd2 Nxe4 23. Nxe4 Bxe4 24. Qd8+ Bf8 25. Qxh4 Qc6 26. Qg3 Bd6 27. Rxd6 Qxd6 28. Rd1 Qc7 29. Qg5 Kg7 30. Qd8 Qc6 31. Qd4 Bxg2+ 32. Kh2 f6 33. Rg1 Bf3 34. Qf2 Bxe2 35. Qxe2 Nf3+ 36. Kh1 Nh4+ 37. Kh2 Nf3+ 38. Kh1 Nxg1+ 39. Kxg1 Qc1+ 40. Kg2 Qg5+ 41. Kf2 Qf5+ 0-1

[Event "January 9 Late 2024"]
[Site "https://www.chess.com"]
[Date "2024.01.09"]
[Round "9"]
[White "Harriott, Tyrell"]
[Black "Gasparyan, David"]
[Result "0-1"]
[Board "108"]
[TimeControl "180+1"]
[WhiteFideId "2086484"]
[BlackFideId "13311980"]
[WhiteElo "2369"]
[BlackElo "2529"]
[WhiteTeam "USA"]
[BlackTeam "USA"]
[WhiteClock "0:00:00"]
[BlackClock "0:00:12"]

1. d4 d5 2. e3 Nf6 3. Bd3 b6 4. c3 Bb7 5. f3 e6 6. f4 Nbd7 7. Nf3 c5 8. Nbd2 Be7 9. Ne5 Qc7 10. Qf3 a6 11. O-O b5 12. a3 g6 13. Qh3 Ne4 14. Ndf3 f5 15. Nxg6 hxg6 16. Qxh8+ Nf8 17. Ne5 O-O-O 18. Bxe4 dxe4 19. Qg8 Bd5 20. Bd2 g5 21. fxg5 Nd7 22. Qg7 Nxe5 23. dxe5 Bc4 24. Rf2 Rd7 25. h4 Qd8 26. a4 Kb7 27. axb5 axb5 28. b3 Bxb3 29. Qg6 Rxd2 30. Raf1 Rxf2 31. Rxf2 Bc4 32. Ra2 Qd1+ 33. Kh2 Qe1 34. Ra3 Qxh4+ 35. Kg1 Qe1+ 36. Kh2 Qxe3 37. Qe8 Qf4+ 38. Kg1 Qc1+ 39. Kh2 Qxa3 40. Qxe7+ Ka6 41. Qd6+ Ka5 42. Qc7+ Ka4 43. g6 Qc1 44. Qa7+ Kb3 0-1

[Event "January 9 Late 2024"]
[Site "https://www.chess.com"]
[Date "2024.01.09"]
[Round "9"]
[White "Silvestre, Christian"]
[Black "Play, Gilles"]
[Result "1-0"]
[Board "109"]
[TimeControl "180+1"]
[WhiteFideId "30956269"]
[BlackFideId "45130892"]
[WhiteElo "2312"]
[BlackElo "2519"]
[WhiteTeam "USA"]
[BlackTeam "FRA"]
[WhiteClock "0:00:11"]
[BlackClock "0:00:05"]

1. d4 Nf6 2. Nf3 e6 3. g3 c5 4. c4 cxd4 5. Nxd4 e5 6. Nc2 d5 7. cxd5 Qxd5 8. Qxd5 Nxd5 9. Bg2 Be6 10. O-O Nc6 11. Ne3 O-O-O 12. Nxd5 Bxd5 13. Bxd5 Rxd5 14. Nc3 Rd7 15. Be3 Nd4 16. Bxd4 exd4 17. Ne4 Be7 18. Rac1+ Kb8 19. Rfd1 Rc8 20. Rxc8+ Kxc8 21. Rc1+ Rc7 22. Rxc7+ Kxc7 23. Kf1 Kc6 24. Ke1 Kd5 25. Nd2 b5 26. Kd1 a5 27. Kc2 a4 28. Kd3 f5 29. h3 g5 30. g4 fxg4 31. hxg4 h6 32. Ne4 Bd8 33. Ng3 Be7 34. Nf5 Bf8 35. Nxd4 b4 36. Nf3 Bg7 37. b3 axb3 38. axb3 Bc3 39. e4+ Kc5 40. Nd2 Bd4 41. f3 Be5 42. Nc4 Bc7 43. Ne3 Bd6 44. Nf5 Bf8 45. Nd4 Bd6 46. Ne6+ Kc6 47. Kc4 Be7 48. Nd4+ Kd7 49. Nf5 Bf8 50. Kd5 Kc7 51. e5 Kd7 52. e6+ Ke8 53. Ke5 Bc5 54. Nxh6 Bf2 55. Kf6 Bd4+ 56. Kxg5 Be3+ 57. Kg6 Bf4 58. Nf5 Bc1 59. g5 Bb2 60. Nh6 Ke7 61. Kf5 Bc1 62. Ng4 Bb2 63. f4 Bg7 64. Ne5 Kd6 65. Nf7+ Ke7 66. Nh6 Bc3 67. Ng4 Kd6 68. Nf6 Ke7 69. Nd5+ Kd6 70. e7 Kd7 71. Kg6 Bd4 72. Kf7 Kd6 73. Nf6 Bxf6 74. gxf6 Kd5 75. e8=Q Kd4 76. Qe6 Kc3 77. Ke7 Kb2 78. Qc4 Ka3 79. f7 Kb2 80. f8=Q Kb1 81. Qd8 Ka2 82. Qd2+ Ka3 83. Qcxb4# 1-0

[Event "January 9 Late 2024"]
[Site "https://www.chess.com"]
[Date "2024.01.09"]
[Round "9"]
[White "Harish, Neeraj"]
[Black "Avramidou, Anastasia"]
[Result "0-1"]
[Board "110"]
[TimeControl "180+1"]
[WhiteFideId "30958130"]
[BlackFideId "4239873"]
[WhiteElo "2271"]
[BlackElo "2514"]
[WhiteTeam "USA"]
[BlackTeam "GRE"]
[WhiteClock "0:01:14"]
[BlackClock "0:00:47"]

1. e4 g6 2. d4 Bg7 3. Nc3 d6 4. Be3 a6 5. f4 b5 6. Nf3 Bb7 7. Bd3 Nf6 8. e5 Ng4 9. Bg1 c5 10. h3 cxd4 11. Bxd4 Nh6 12. O-O Nc6 13. Be3 Nf5 14. Bf2 dxe5 15. Bxf5 gxf5 16. fxe5 Nxe5 17. Nxe5 Bxe5 18. Qxd8+ Rxd8 19. Rae1 f6 20. Bb6 Rd2 21. Rf2 Rxf2 22. Kxf2 Rg8 23. Rg1 Kd7 24. g4 fxg4 25. hxg4 Kc6 26. Be3 b4 27. Ne2 Bxb2 28. Rh1 Rg7 29. Nf4 Kb5 30. Rh5+ e5 31. Nd3 Bc3 32. g5 fxg5 33. Bxg5 Be4 34. Ke3 Bg6 35. Rh4 Bxd3 36. Kxd3 Rxg5 37. Rxh7 Rg3+ 38. Ke2 Rg2+ 39. Kd3 Rd2+ 0-1

[Event "January 9 Late 2024"]
[Site "https://www.chess.com"]
[Date "2024.01.09"]
[Round "9"]
[White "Abdi, Farzad"]
[Black "Martin Barcelo, Carles"]
[Result "0-1"]
[Board "111"]
[TimeControl "180+1"]
[WhiteFideId "2076829"]
[BlackFideId "24561444"]
[WhiteElo "2237"]
[BlackElo "2509"]
[WhiteTeam "USA"]
[BlackTeam "ESP"]
[WhiteClock "0:00:51"]
[BlackClock "0:01:06"]

1. d4 d5 2. c4 e6 3. Nc3 Bb4 4. Nf3 Nf6 5. e3 O-O 6. Bd3 b6 7. O-O Bb7 8. a3 Bd6 9. b4 Nbd7 10. c5 Be7 11. Bb2 a5 12. Qe2 Ne4 13. Bxe4 dxe4 14. Nd2 f5 15. f3 exf3 16. gxf3 Nf6 17. Nc4 axb4 18. axb4 bxc5 19. bxc5 Nd5 20. Rxa8 Qxa8 21. Ra1 Nxc3 22. Bxc3 Bxf3 23. Rxa8 Bxe2 24. Rxf8+ Kxf8 25. Ne5 Bf6 26. Nd7+ Ke7 27. Nxf6 gxf6 28. Ba5 c6 29. Bc7 Kf7 30. Kf2 Bc4 31. Kg3 Kg6 32. Kf4 Bd3 33. Bd8 Be4 34. h4 Bd5 35. Be7 Bh1 36. Bd8 Bg2 37. Be7 Be4 38. Bd8 Kf7 39. Bc7 Ke7 40. Bd6+ Kd7 41. h5 Ke8 42. Kg3 Kf7 43. Kf4 Bc2 44. Kg3 Kg7 45. Kh4 Bd1 46. Be7 Kf7 47. Bd6 Ke8 48. Bc7 Kd7 49. Bf4 Be2 50. Bg3 Ke8 51. Bf4 Kf7 52. Bg3 Ke7 53. Bf4 Kf8 54. Bd6+ Kg7 55. Bf4 Bd1 56. Bg3 Kh6 57. Bd6 Bxh5 58. Be7 Kg6 59. Bxf6 Kxf6 60. Kxh5 f4 61. exf4 Kf5 62. Kh6 Kxf4 63. Kxh7 Ke4 64. Kg6 Kxd4 65. Kf6 Kxc5 66. Kxe6 Kd4 0-1

[Event "January 9 Late 2024"]
[Site "https://www.chess.com"]
[Date "2024.01.09"]
[Round "9"]
[White "Bonin, Jay"]
[Black "Bjelobrk, Igor"]
[Result "0-1"]
[Board "112"]
[TimeControl "180+1"]
[WhiteFideId "2000644"]
[BlackFideId "4300726"]
[WhiteElo "2320"]
[BlackElo "2586"]
[WhiteTeam "USA"]
[BlackTeam "AUS"]
[WhiteClock "0:00:37"]
[BlackClock "0:00:26"]

1. d4 e6 2. Nf3 c5 3. e3 b6 4. Bd3 Bb7 5. Nbd2 Nf6 6. O-O Be7 7. Qe2 O-O 8. c3 d6 9. e4 Nc6 10. e5 Nd5 11. Ne4 cxd4 12. cxd4 Ncb4 13. Bc4 dxe5 14. dxe5 Rc8 15. a3 Rxc4 16. Qxc4 Ba6 17. Qb3 Bxf1 18. Kxf1 Nc6 19. Bd2 Qb8 20. Bc3 b5 21. Re1 a5 22. Nd6 b4 23. Bd2 Bxd6 24. exd6 Qxd6 25. a4 Rd8 26. Ng5 Nd4 27. Qh3 Nf6 28. Be3 Nc2 29. Rc1 Qd3+ 0-1

[Event "January 9 Late 2024"]
[Site "https://www.chess.com"]
[Date "2024.01.09"]
[Round "9"]
[White "Ardila, Oscar Humberto"]
[Black "Estrada Nieto, Julian"]
[Result "0-1"]
[Board "113"]
[TimeControl "180+1"]
[WhiteFideId "4404742"]
[BlackFideId "5101018"]
[WhiteElo "2315"]
[BlackElo "2576"]
[WhiteTeam "COL"]
[BlackTeam "ESP"]
[WhiteClock "0:00:13"]
[BlackClock "0:00:32"]

1. d4 Nf6 2. c4 e6 3. Nc3 Bb4 4. Qc2 O-O 5. Bg5 h6 6. Bh4 d5 7. e3 b6 8. Nf3 Bb7 9. cxd5 Bxd5 10. Be2 g5 11. Bg3 Ne4 12. O-O Bxc3 13. bxc3 Nxg3 14. hxg3 Nd7 15. e4 Bb7 16. e5 c5 17. Qd2 Qe7 18. Nh2 cxd4 19. cxd4 Kg7 20. f4 f5 21. fxg5 Qxg5 22. Qf4 Rac8 23. Rac1 Qxf4 24. gxf4 Bd5 25. a3 Nb8 26. Bf3 Bc4 27. Rfd1 Rfd8 28. Kf2 Na6 29. Ke3 Bb5 30. Bb7 Rc7 31. Bxa6 Rxc1 32. Rxc1 Bxa6 33. Rc7+ Kg6 34. Rxa7 Bc4 35. Nf3 Bf1 36. Re7 Bc4 37. Rb7 b5 38. g3 Ra8 39. Nh4+ Kh5 40. d5 Rxa3+ 41. Kd4 Bxd5 42. Rg7 b4 43. Ng6 Rxg3 44. Rg8 Rxg6 45. Rb8 Rg4 46. Ke3 b3 47. Rb6 Rg3+ 48. Kd4 Rf3 49. Kc5 Rxf4 50. Kd6 Re4 51. Ke7 f4 52. Kf6 f3 53. Rb8 f2 54. Rg8 f1=Q+ 55. Ke7 0-1

[Event "January 9 Late 2024"]
[Site "https://www.chess.com"]
[Date "2024.01.09"]
[Round "9"]
[White "Sultanbek, Zeinep"]
[Black "Coca Cubillos, Jesus Alberto"]
[Result "0-1"]
[Board "114"]
[TimeControl "180+1"]
[WhiteFideId "13710419"]
[BlackFideId "4462912"]
[WhiteElo "2307"]
[BlackElo "2510"]
[WhiteTeam "KAZ"]
[BlackTeam "COL"]
[WhiteClock "0:00:00"]
[BlackClock "0:01:37"]

1. d4 g6 2. c4 Bg7 3. e4 d6 4. Nc3 Nc6 5. Be3 e5 6. Nge2 f5 7. d5 Nce7 8. f3 Nf6 9. Qd2 O-O 10. O-O-O a6 11. h4 Rf7 12. Bg5 Qf8 13. exf5 gxf5 14. f4 e4 15. Nd4 Kh8 16. Ne6 Qg8 17. h5 Ne8 18. Nxg7 Qxg7 19. h6 Qg6 20. Be2 Nf6 21. Qd4 Kg8 22. Rh3 Kf8 23. Rg3 Bd7 24. Rh1 b6 25. Bxf6 Qxf6 26. Qxf6 Rxf6 27. Rg7 Rf7 0-1

[Event "January 9 Late 2024"]
[Site "https://www.chess.com"]
[Date "2024.01.10"]
[Round "9"]
[White "Kargosha, Bahman"]
[Black "Soderstrom, Adrian"]
[Result "0-1"]
[Board "115"]
[TimeControl "180+1"]
[WhiteFideId "12503452"]
[BlackFideId "1745786"]
[WhiteElo "2301"]
[BlackElo "2490"]
[WhiteTeam "AUS"]
[BlackTeam "SWE"]
[WhiteClock "0:00:33"]
[BlackClock "0:01:35"]

1. d4 d5 2. c4 e6 3. Nc3 Be7 4. cxd5 exd5 5. Bf4 Nf6 6. e3 O-O 7. Bd3 Bg4 8. Nge2 Re8 9. O-O Bd6 10. Qc2 Nc6 11. a3 Bxe2 12. Nxe2 Bxf4 13. Nxf4 Qd6 14. Ne2 Ne4 15. Nc3 Nxc3 16. Qxc3 g6 17. b4 Ne7 18. Rfc1 c6 19. b5 Rec8 20. bxc6 Rxc6 21. Qb2 Rac8 22. Rxc6 Qxc6 23. g3 Qc3 24. Qxc3 Rxc3 25. Be2 f6 26. a4 Kf7 27. a5 Rc7 28. a6 bxa6 29. Rxa6 Nc8 30. Bf3 Nb6 31. h4 Ke6 32. g4 Kd6 33. Kg2 Kc6 34. Be2 Kb7 35. Ra5 Rc2 36. Bf3 Nc4 37. Rxd5 Nxe3+ 38. Kg3 Nxd5 39. Bxd5+ Kb6 40. h5 g5 41. h6 a5 42. Be4 Rc7 43. f4 a4 44. fxg5 fxg5 45. d5 Kc5 46. d6 Kxd6 0-1

[Event "January 9 Late 2024"]
[Site "https://www.chess.com"]
[Date "2024.01.09"]
[Round "9"]
[White "Kujawski, Adam"]
[Black "Peycheva, Gergana"]
[Result "0-1"]
[Board "116"]
[TimeControl "180+1"]
[WhiteFideId "1100920"]
[BlackFideId "2916711"]
[WhiteElo "2294"]
[BlackElo "2441"]
[WhiteTeam "POL"]
[BlackTeam "BUL"]
[WhiteClock "0:00:00"]
[BlackClock "0:00:42"]

1. e4 c6 2. d4 d5 3. f3 dxe4 4. fxe4 e6 5. Nf3 Nf6 6. e5 Nd5 7. Bd3 c5 8. Nc3 Nc6 9. O-O cxd4 10. Ne4 Be7 11. Qe1 O-O 12. Qg3 f5 13. exf6 Nxf6 14. Bh6 Nh5 15. Qg4 Qe8 16. Nfg5 e5 17. Bc4+ Kh8 18. Ne6 Rxf1+ 19. Rxf1 gxh6 0-1

[Event "January 9 Late 2024"]
[Site "https://www.chess.com"]
[Date "2024.01.09"]
[Round "9"]
[White "Zhukov, Maksim"]
[Black "Sukandar, Irine Kharisma"]
[Result "1-0"]
[Board "117"]
[TimeControl "180+1"]
[WhiteFideId "34181790"]
[BlackFideId "7101937"]
[WhiteElo "2286"]
[BlackElo "2436"]
[WhiteTeam "RUS"]
[BlackTeam "INA"]
[WhiteClock "0:00:17"]
[BlackClock "0:00:00"]

1. e4 c5 2. Nf3 Nc6 3. Bb5 e5 4. O-O Nge7 5. c3 a6 6. Ba4 b5 7. Bc2 d6 8. a4 Bb7 9. Re1 Ng6 10. d4 cxd4 11. cxd4 Be7 12. Bb3 O-O 13. Nc3 exd4 14. Nxd4 Nxd4 15. Qxd4 Bf6 16. Qd1 Be5 17. axb5 axb5 18. Rxa8 Qxa8 19. Nd5 Kh8 20. g3 Bxd5 21. Qxd5 Qxd5 22. Bxd5 Bd4 23. Kg2 Ne5 24. Rd1 Bc5 25. h3 f5 26. f4 Nc4 27. exf5 Rxf5 28. b3 Nb6 29. Be4 Rf8 30. Kf3 Nd7 31. Bb2 Nf6 32. Bc6 b4 33. Bd4 Rc8 34. Bb7 Rb8 35. Ba6 h6 36. Bc4 Ra8 37. Bxf6 gxf6 38. Re1 Ra2 39. Re2 Ra1 40. Ke4 Rg1 41. g4 Rg3 42. Kf5 Rxh3 43. Kg6 Re3 44. Rh2 1-0

[Event "January 9 Late 2024"]
[Site "https://www.chess.com"]
[Date "2024.01.09"]
[Round "9"]
[White "Mazurkiewicz, Michal"]
[Black "Eggleston, Thomas A"]
[Result "0-1"]
[Board "118"]
[TimeControl "180+1"]
[WhiteFideId "1124943"]
[BlackFideId "412139"]
[WhiteElo "2435"]
[BlackElo "2269"]
[WhiteTeam "POL"]
[BlackTeam "ENG"]
[WhiteClock "0:00:00"]
[BlackClock "0:00:25"]

1. e4 e6 2. d3 c5 3. Nf3 Nc6 4. g3 g6 5. Bg2 Bg7 6. O-O Nge7 7. Re1 d6 8. c3 e5 9. h3 O-O 10. Na3 h6 11. Nc2 d5 12. Ne3 d4 13. cxd4 cxd4 14. Nc4 b5 15. Ncd2 Be6 16. Nb3 Qd6 17. Bd2 Nb4 18. Bxb4 Qxb4 19. Qd2 Qd6 20. Rec1 Rfc8 21. Qa5 a6 22. Nfd2 Bf8 23. a4 Nc6 24. Qb6 bxa4 25. Rxa4 a5 26. Nc4 Qe7 27. Nbxa5 Nb4 28. b3 Rab8 29. Rxb4 Qxb4 30. Qxb4 Bxb4 31. f4 Bxa5 32. Ra1 Bxc4 33. bxc4 Bd2 34. f5 Be3+ 35. Kh2 g5 36. Bf3 Ra8 37. Rb1 Rcb8 38. Rd1 Ra2+ 39. Kh1 Rbb2 0-1

[Event "January 9 Late 2024"]
[Site "https://www.chess.com"]
[Date "2024.01.09"]
[Round "9"]
[White "Ferriz Barrios, Andres"]
[Black "Toktomushev, Teimur"]
[Result "0-1"]
[Board "119"]
[TimeControl "180+1"]
[WhiteFideId "5104467"]
[BlackFideId "14176726"]
[WhiteElo "2254"]
[BlackElo "2431"]
[WhiteTeam "MEX"]
[BlackTeam "UKR"]
[WhiteClock "0:02:00"]
[BlackClock "0:01:05"]

1. d4 d5 2. Nf3 Nf6 3. Nbd2 c5 4. e3 Nc6 5. c3 Bg4 6. Be2 e6 7. Ne5 Nxe5 8. dxe5 Bxe2 9. Qxe2 Nd7 10. f4 f6 11. exf6 Nxf6 12. O-O Bd6 13. e4 Bc7 14. e5 Nd7 15. f5 O-O 16. fxe6 Rxf1+ 17. Nxf1 Nxe5 18. Bf4 Qf6 19. Bxe5 Qxe5 20. Re1 Qxe2 21. Rxe2 Re8 22. g3 Kf8 23. Nd2 Ke7 24. Nf1 Kd6 25. Ne3 Rxe6 26. Nf5+ Kd7 27. Rd2 Re5 28. Nxg7 Rg5 29. Kg2 Rxg7 30. Rxd5+ Kc6 31. Rh5 Rd7 32. Kh3 b5 33. b4 c4 34. Rc5+ Kb6 35. Rh5 Rd3 36. Rh6+ Bd6 37. Rxh7 Rxc3 38. Rh6 Rd3 39. Kg4 c3 40. Rh8 c2 0-1